 Dungeon Crawl Stone Soup version 0.17.0-28-g6e173f8 (webtiles) character file.

18963 Larett the Severer (level 12, -4/110 HPs)
             Began as a Hill Orc Fighter on Nov 24, 2015.
             Was a High Priest of Beogh.
             Slain by a large abomination (21 damage)
             ... on level 1 of the Abyss.
             The game lasted 01:09:06 (15601 turns).

Larett the Severer (Hill Orc Fighter)              Turns: 15601, Time: 01:09:06

Health: -4/110     AC: 18    Str: 24      XL:     12   Next: 64%
Magic:  21/21      EV: 13    Int:  9 (12) God:    Beogh [*****.]
Gold:   648        SH:  0    Dex:  9 (11) Spells: 0 memorised, 11 levels left

rFire  + . .     SeeInvis .     S - +2 scimitar (holy)
rCold  + . .     Clarity  .     C - +5 ring mail of Incorporation {rF+ rN+ Dex+4}
rNeg   + . .     SustAt   .     (no shield)
rPois  .         Gourm    .     Z - +1 helmet
rElec  .         Spirit   .     x - +2 cloak
rCorr  .         Warding  .     F - +2 pair of gloves of Ongari {rC+ Int+4 Dex-3}
rMut   .         Stasis   .     (no boots)
MR     .....                    (no amulet)
Stlth  ..........               (no ring)
                                H - ring of magical power

@: slowed, very slow, not resistant to hostile enchantments, extremely
unstealthy
A: walk on water, deformed body, screaming 1
a: Smiting, Recall Orcish Followers, Give Item to Named Follower, Renounce
Religion


You were on level 1 of the Abyss.
You worshipped Beogh.
Beogh was extremely pleased with you.
You were hungry.

You visited 4 branches of the dungeon, and saw 14 of its levels.
You visited the Abyss 1 time.
You also visited: Sewer.

You collected 648 gold pieces.

Inventory:

Hand Weapons
 a - a +0 whip of flaming
 b - a +4 shortbow of freezing
 p - a +5 hand axe of venom
 v - a +1 dagger of draining
 S - a +2 scimitar of holy wrath (weapon)
Missiles
 f - 2 throwing nets (quivered)
 l - 277 stones
 t - 71 arrows
 D - 6 arrows of frost
 Q - 7 arrows of dispersal
Armour
 c - a +0 shield
 k - a +2 pair of gloves
 x - a +2 cloak (worn)
 z - a +2 chain mail of cold resistance
 C - the +5 ring mail of Incorporation (worn) {rF+ rN+ Dex+4}
   (You found it on level 9 of the Dungeon)

   It affects your dexterity (+4).
   It protects you from fire.
   It protects you from negative energy.
 F - the +2 pair of gloves of Ongari (worn) {rC+ Int+4 Dex-3}
   (You found it on level 9 of the Dungeon)

   It affects your intelligence (+4).
   It affects your dexterity (-3).
   It protects you from cold.
 I - a +0 ring mail
 Z - a +1 helmet (worn)
Rods
 d - a +0 rod of ignition (13/13)
   (You found it on level 1 of the Lair of Beasts)
 h - a +0 iron rod (13/13)
   (You found it on level 1 of the Lair of Beasts)
Jewellery
 j - an uncursed amulet of resist mutation
 H - a ring of magical power (left hand)
 L - an uncursed ring of teleportation
 W - the ring of the Garden {+/*Tele +Blink Dex+3}
   (You found it on level 7 of the Dungeon)

   [ring of teleportation]

   It may teleport you to nearby monsters, and can be evoked to randomly
   teleport.
   It affects your dexterity (+3).
   It lets you blink.
Wands
 e - a wand of fire (7)
 u - a wand of draining (1)
 w - a wand of flame (30)
 y - a wand of confusion (19)
 K - a wand of magic darts (37)
 O - a wand of enslavement (18)
 R - a wand of polymorph (16)
 V - a wand of disintegration (16)
 X - a wand of lightning (7)
Scrolls
 m - 2 scrolls of identify
 n - 2 scrolls of blinking
 o - 6 scrolls of fog
 q - a scroll of recharging
 r - 2 scrolls of magic mapping
 s - 8 scrolls of teleportation
 J - a scroll of fear
Potions
 E - a potion of resistance
 Y - 3 potions of flight
Books
 i - a book of Beasts

   Spells                             Type                      Level
   a - Summon Butterflies             Summoning                    1
   b - Call Canine Familiar           Summoning                    3
   c - Summon Ice Beast               Ice/Summoning                4
   d - Summon Mana Viper              Hexes/Summoning              5
   e - Summon Hydra                   Summoning                    7
Miscellaneous
 A - a stone of tremors
Comestibles
 B - 3 meat rations
 U - 14 fruits


   Skills:
 - Level 11.1 Fighting
 - Level 9.0 Long Blades
 - Level 16.2 Axes
 * Level 5.2 Bows
 - Level 3.2 Armour
 - Level 6.9 Dodging
 - Level 3.2 Shields
 - Level 0.3 Invocations
 - Level 0.4 Evocations


You had 11 spell levels left.
You didn't know any spells.

Dungeon Overview and Level Annotations

Branches:
Dungeon (9/15)             Temple (1/1) D:4            Lair (3/8) D:9
 Spider (1/4) Lair:3
  Swamp: Lair:3-6    Shoals: Lair:3-6       Orc: D:9-12

Altars:
Ashenzari
Cheibriados
Dithmenos
Elyvilon
Fedhas
Gozag
Kikubaaqudgha
Makhleb
Nemelex Xobeh
Okawaru
Qazlal
Ru
Sif Muna
Trog
Vehumet
Xom
Yredelemnul
Zin
The Shining One

Annotations:
Lair:2 exclusion: oklob plant
Spider:1 Louise


Innate Abilities, Weirdness & Mutations

You can walk on water.
Armour fits poorly on your strangely shaped body.
You occasionally shout uncontrollably at your foes.


Message History

A cacodemon comes into view.
The cacodemon shouts!
You hit the large abomination.
The large abomination convulses.
The large abomination is heavily damaged.
You are feeling hungry.
The cacodemon gestures at you.
You feel yourself slow down. The large abomination hits you.
* * * LOW HITPOINT WARNING * * *
Drink which item? (? for menu, Esc to quit)
You feel better.
The large abomination completely misses you.
The sixfirhy hits you but does no damage.
The large abomination hits you but does no damage.
A sixfirhy comes into view.
The sixfirhy hits you.
* * * LOW HITPOINT WARNING * * *
The sixfirhy shocks you!
* * * LOW HITPOINT WARNING * * *
The sixfirhy barely misses you. The large abomination hits you!!
You die...

### ..# . #.
...# # #...
.# .. (. #
##.####.....
.. #. #..#
#v# #..##.#
# .
...#..2#####
# #..X§4..#
# #..##X@##
#..#. #..# .
. #.# .
..##. .#. #
#...# #.
..##.# .# ##
#. . .. #.
#.


You could see a cacodemon, 2 large abominations and a sixfirhy.

Vanquished Creatures
  An anaconda zombie (Abyss:1)
  Pikel (D:5)
  A smoke demon (Abyss:1)
  The ghost of Dimlob the Insei, a novice DsMo (D:5)
  A spiny frog (Lair:2)
  4 komodo dragons
  A troll (D:9)
  3 jumping spiders (Spider:1)
  A polar bear (Lair:1)
  Grinder (D:3)
  A spriggan (D:8)
  6 redbacks (Spider:1)
  2 wyverns
  A trapdoor spider (Spider:1)
  2 hippogriffs
  2 small abominations (Abyss:1)
  A basilisk (Lair:2)
  8 yaks
  4 chaos spawn (Abyss:1)
  5 wolves (Lair:1)
  2 hungry ghosts
  2 neqoxecs (Abyss:1)
  Menkaure (D:4)
  Edmund (D:6)
  A large abomination (Abyss:1)
  A water moccasin (D:7)
  3 ice beasts
  3 black bears (Lair:1)
  3 orc warriors
  A necrophage (D:7)
  8 ogres
  A slave (D:5)
  A phantom (D:4)
  4 centaurs
  2 crocodiles (Lair:2)
  A big kobold (D:7)
  7 giant frogs
  2 water moccasin skeletons
  2 scorpions (D:9)
  A vampire bat (D:5)
  4 crimson imps
  A wasp zombie (D:5)
  2 quasits (Abyss:1)
  6 orc wizards
  5 jellies
  3 hounds (D:7)
  A giant frog skeleton (D:5)
  An iron imp (Abyss:1)
  3 orc priests
  A killer bee zombie (D:7)
  4 worker ants
  8 iguanas
  2 hound skeletons
  A worker ant zombie (D:5)
  9 adders
  23 river rats
  4 gnolls (D:2)
  A shadow imp (D:5)
  3 ufetubi (Abyss:1)
  3 oozes
  An adder zombie (D:5)
  4 worms (D:2)
  3 adder skeletons
  37 orcs
  2 spectral bats (D:5)
  14 ball pythons
  3 bat skeletons (D:5)
  A bat zombie (D:5)
  3 fire bats (D:5)
  3 giant cockroaches
  6 goblins
  8 hobgoblins
  9 jackals
  4 quokkas
  A ball python skeleton (D:4)
  17 bats
  A bat simulacrum (D:5)
  A giant gecko skeleton (D:4)
  9 giant newts
  11 kobolds
  A quokka skeleton (D:3)
  35 rats
  A fungus (Lair:2)
  2 plants
356 creatures vanquished.

Vanquished Creatures (collateral kills)
  A hydra (Lair:2)
  A wolf spider (Spider:1)
  A torpor snail (Lair:3)
  2 black mambas
  A spiny frog (Lair:3)
  3 komodo dragons
  A demonic crawler (Spider:1)
  3 polar bears (Lair:1)
  A two-headed ogre (D:9)
  4 redbacks (Spider:1)
  16 yaks
  A hungry ghost (D:9)
  A water moccasin (Lair:1)
  2 porcupines
  3 black bears (Lair:1)
  A phantom (D:7)
  A centaur (D:9)
  3 giant frogs
  A crocodile (Lair:3)
  A crimson imp (D:9)
  An orc priest (D:9)
  A jelly (D:9)
  An iguana (Lair:2)
  An orc wizard (D:9)
  7 river rats
  An orc (D:8)
  A fungus (Lair:1)
61 creatures vanquished.

Vanquished Creatures (others)
  An orc knight (Spider:1)
  An orc warrior (D:9)
  2 orc wizards
  A giant gecko (D:5)
  3 orcs
  A fungus (Lair:1)
  A plant (D:9)
10 creatures vanquished.

Grand Total: 427 creatures vanquished

Notes
Turn   | Place    | Note
--------------------------------------------------------------
     0 | D:1      | Larett the Hill Orc Fighter began the quest for the Orb.
     0 | D:1      | Reached XP level 1. HP: 19/19 MP: 1/1
    49 | D:1      | Reached skill level 4 in Fighting
   139 | D:1      | Reached XP level 2. HP: 27/27 MP: 2/2
   608 | D:2      | Reached skill level 5 in Fighting
   608 | D:2      | Reached XP level 3. HP: 34/36 MP: 3/3
   617 | D:2      | Reached XP level 4. HP: 35/44 MP: 4/4
   991 | D:2      | Reached skill level 6 in Fighting
  1079 | D:2      | Found a blossoming altar of Fedhas.
  1704 | D:3      | Noticed Grinder
  1711 | D:3      | Paralysed by Grinder for 3 turns
  1719 | D:3      | Killed Grinder
  1719 | D:3      | Reached skill level 8 in Fighting
  1719 | D:3      | Reached XP level 5. HP: 37/55 MP: 5/5
  1719 | D:3      | Reached XP level 6. HP: 41/62 MP: 6/6
  1844 | D:3      | Found a glowing drain.
  1866 | Sewer    | Entered a sewer
  2294 | Sewer    | Reached skill level 9 in Fighting
  2458 | Sewer    | Reached XP level 7. HP: 52/70 MP: 7/7
  2676 | D:3      | Found a faded altar to an unknown god.
  3020 | D:3      | Found a glowing golden altar of the Shining One.
  3039 | D:3      | Became a worshipper of Beogh the Brigand
  3050 | D:3      | Found a deep blue altar of Sif Muna.
  3253 | D:4      | Reached skill level 10 in Fighting
  3328 | D:4      | Found a stormy altar of Qazlal.
  3383 | D:4      | Reached * piety under Beogh
  3556 | D:4      | Noticed Menkaure
  3564 | D:4      | Killed Menkaure
  3564 | D:4      | Reached skill level 11 in Fighting
  3564 | D:4      | Reached XP level 8. HP: 37/82 MP: 8/8
  3793 | D:4      | Found a staircase to the Ecumenical Temple.
  3799 | Temple   | Entered the Ecumenical Temple
  4133 | D:4      | Reached skill level 1 in Dodging
  4148 | D:4      | Found a sacrificial altar of Ru.
  4514 | D:5      | Entered Level 5 of the Dungeon
  4600 | D:5      | Noticed Dimlob's ghost (novice DsMo)
  5367 | D:5      | Killed Dimlob's ghost
  5683 | D:5      | Found a radiant altar of Vehumet.
  5975 | D:5      | Reached skill level 5 in Dodging
  6034 | D:5      | Reached XP level 9. HP: 87/89 MP: 9/9
  6057 | D:5      | Reached ** piety under Beogh
  6320 | D:5      | Noticed Pikel
  6343 | D:5      | Killed Pikel
  7041 | D:6      | Noticed Edmund
  7057 | D:6      | Killed Edmund
  7057 | D:6      | Reached skill level 5 in Axes
  7469 | D:6      | Gained mutation: You can translocate small distances at will. [potion of beneficial mutation]
  7470 | D:6      | Lost mutation: You can translocate small distances at will. [potion of cure mutation]
  8160 | D:7      | Reached *** piety under Beogh
  8171 | D:7      | Reached XP level 10. HP: 64/95 MP: 10/10
  8332 | D:7      | Reached skill level 10 in Axes
  8643 | D:7      | Reached skill level 1 in Long Blades
  8660 | D:7      | Got a pitted turquoise ring
  9090 | D:8      | Identified the ring of the Garden {+/*Tele +Blink Dex+3} (You found it on level 7 of the Dungeon)
  9528 | D:8      | Reached skill level 5 in Long Blades
  9883 | D:9      | Found a shadowy altar of Dithmenos.
 10150 | D:9      | Reached skill level 1 in Bows
 10167 | D:9      | Got a pair of spiked gloves
 10178 | D:9      | Identified the +2 pair of gloves of Ongari {rC+ Int+4 Dex-3} (You found it on level 9 of the Dungeon)
 10208 | D:9      | Reached **** piety under Beogh
 10251 | D:9      | Found a staircase to the Lair.
 10592 | D:9      | Reached XP level 11. HP: 81/101 MP: 11/11
 10608 | D:9      | Got a jacinth-encrusted ring mail
 10619 | D:9      | Identified the +5 ring mail of Incorporation {rF+ rN+ Dex+4} (You found it on level 9 of the Dungeon)
 10766 | D:9      | Found a burning altar of Makhleb.
 10932 | Lair:1   | Entered Level 1 of the Lair of Beasts
 12170 | Lair:1   | Reached skill level 12 in Axes
 12641 | Lair:2   | Gained Orik as an ally
 12689 | Lair:2   | Reached skill level 13 in Axes
 12861 | Lair:2   | Reached ***** piety under Beogh
 12883 | Lair:2   | Noticed an eight-headed hydra
 12897 | Lair:2   | Killed an eight-headed hydra
 12969 | Lair:2   | Reached skill level 14 in Axes
 13004 | Lair:2   | Reached XP level 12. HP: 98/110 MP: 12/12
 14356 | Lair:3   | Reached skill level 15 in Axes
 14519 | Lair:3   | Found a hole to the Spider Nest.
 14530 | Spider:1 | Entered Level 1 of the Spider Nest
 14533 | Spider:1 | Gained Warrok as an ally
 15115 | Spider:1 | Noticed Louise
 15125 | Spider:1 | Reached skill level 16 in Axes
 15127 | Spider:1 | Your ally Orik died
 15127 | Spider:1 | Cast into the Abyss (Louise)
 15454 | Abyss:1  | Gained mutation: Armour fits poorly on your strangely shaped body. [a neqoxec]
 15456 | Abyss:1  | Gained mutation: You occasionally shout uncontrollably at your foes. [a neqoxec]
 15497 | Abyss:1  | Reached skill level 5 in Bows
 15599 | Abyss:1  | Noticed a cacodemon
 15601 | Abyss:1  | Slain by a large abomination

Action                   |  1- 3 |  4- 6 |  7- 9 | 10-12 || total
-------------------------+-------+-------+-------+-------++-------
Melee: War axe           |    64 |   254 |   240 |       ||   558
       Broad axe         |       |       |   230 |    55 ||   285
       Hand axe          |       |       |    16 |   350 ||   366
       Scimitar          |       |       |    12 |   138 ||   150
       Whip              |       |       |       |    27 ||    27
 Fire: Shortbow          |       |       |       |    83 ||    83
Invok: Convert to Beogh  |       |       |     1 |       ||     1
       Recall Orcish Fol |       |       |       |     4 ||     4
Evoke: Wand              |       |       |       |     6 ||     6
  Use: Scroll            |       |     5 |    11 |    16 ||    32
       Potion            |       |     2 |    16 |     8 ||    26
 Stab: Distracted        |       |       |       |     4 ||     4
       Invisible         |       |       |       |     1 ||     1
  Eat: Chunk             |       |     4 |    12 |    20 ||    36
       Pizza             |       |     1 |     1 |     1 ||     3
       Fruit             |       |       |     2 |     1 ||     3
       Bread ration      |       |       |     1 |       ||     1
       Meat ration       |       |       |       |     1 ||     1
       Royal jelly       |       |       |       |     1 ||     1
